 Dungeon Sprint DCSS version 0.31-a0-435-g2c6fae2916 (webtiles) character file.

Game seed: 15079685337515717961

975 rocky1 the Grappler (level 7, -5/59 HPs)
             Began as a Demonspawn Shapeshifter on Aug 2, 2023.
             Was an Initiate of Gozag.
             Collided with a metal wall (12 damage)
             ... caused by Erica
             ... in the Dungeon (Sprint VII: "The Pits").
             The game lasted 00:02:25 (1480 turns).

rocky1 the Grappler (Demonspawn Shapeshifter)       Turns: 1480, Time: 00:02:26

Health: -5/59      AC:  2    Str: 16    XL:     7   Next: 95%
Magic:  7/7        EV: 14    Int:  9    God:    Gozag
Gold:   1701       SH:  0    Dex: 15    Spells: 6/6 levels left

rFire   . .          .
                       - Unarmed
rCold   . . .        (no shield)
rNeg    . . .        a - +0 animal skin
rPois   .            (helmet currently unavailable)
rElec   .            (cloak currently unavailable)
rCorr   .            (gloves currently unavailable)
SInv    .            (boots currently unavailable)
Will    .....        (no amulet)
Stlth   +            (no ring)
HPRegen 0.29/turn    (no ring)
MPRegen 0.10/turn

%: no teleportation
@: beast-form
A: beast (slay +5), powered by death 2, demonic touch 2
a: Begin Untransformation, Renounce Religion, Potion Petition, Call Merchant,
Bribe Branch


You were in the Dungeon.
You worshipped Gozag.
Gozag was most pleased with you.
You were a hulking beast.
You visited 1 branch You collected 1701 gold pieces.

Inventory:

Armour
 a - a +0 animal skin (worn)
Talismans
 c - a beast talisman (active)
Scrolls
 i - a scroll of blinking
 k - 5 scrolls of amnesia
 l - a scroll of summoning
Potions
 b - a potion of lignification
 d - 4 potions of curing
 e - 3 potions of heal wounds
 f - a potion of haste
 g - 4 potions of magic
 h - 3 potions of berserk rage
 j - a potion of invisibility


   Skills:
 * Level 6.6 Fighting
 + Level 5.0 Dodging
 - Level 0.1 Stealth
 * Level 11.7 Unarmed Combat
 + Level 7.4 Shapeshifting


You had 6 spell levels left.
You didn't know any spells.
Your spell library was empty.

Dungeon Overview and Level Annotations

Branches:
Dungeon (1/1)

Altars:
Ashenzari
Cheibriados
Dithmenos
Fedhas
Gozag
Hepliaklqana
Kikubaaqudgha
Makhleb
Nemelex Xobeh
Okawaru
Qazlal
Ru
Sif Muna
Trog
Uskayaw
Vehumet
Wu Jian
Xom
Yredelemnul
Jiyva
Lugonu

Annotations:
D Erica


Innate Abilities, Weirdness & Mutations

You are a hulking beast.
Your limbs bulge with bestial killing power. (Slay +5)
You regenerate health from kills.
Your touch may inflict irresistible damage on your foes.


Message History

g - Guard the area. f - Follow me.
Anything else - Cancel.
You shout for attention!
You hear an angry hiss.
You close the door.
Okay, then.
You open the door. You punch the basilisk! x2
The basilisk is severely wounded.
The basilisk barely misses you.
You punch the basilisk!
You kill the basilisk!
Your Dodging skill increases to level 5!
There is an open door, spattered with blood here.
You see here 72 gold pieces.
You now have 1701 gold pieces (gained 72).
Erica hits you with a +4 scimitar of flaming!
Erica burns you.
There is an open door, spattered with blood here.
Erica gestures at you while chanting. The bolt of poison hits you!
You are poisoned.
You barely miss Erica.
You feel very sick.
Erica hits you with a +4 scimitar of flaming!
* * * LOW HITPOINT WARNING * * *
Erica burns you.
* * * LOW HITPOINT WARNING * * *
Unknown command.
You feel much better.
You feel very sick.
The jelly quivers.
Erica closely misses you.
You feel better. Erica gestures at you while chanting.
The lance of force hits you!!
* * * LOW HITPOINT WARNING * * *
You are knocked back by the lance of force.
You slam into the metal wall!
You die...
Your body crumbles into a pile of gold.

#.####'##'###...<...#
#.#........##.......#
#.#........##.......#
#'###########.......#
#.......#..##########
#...#...#)## ###
#...#...#.# ...#
#.##.##.#'#.J..#
#...#...#h@....+
#...#...#'#....#
#.......'.#....#
########### ####


You could see Erica and a jelly.

Vanquished Creatures
  Grinder (D)
  A snapping turtle (D)
  A basilisk (D)
  An ice beast (D)
  An ogre (D)
  A centaur (D)
  A phantom (D)
  2 scorpions (D)
  An iguana (D)
  An orc (D)
  A bat (D)
  3 endoplasms (D)
  7 jackals (D)
  2 quokkas (D)
  A quokka zombie (D)
  2 rats (D)
27 creatures vanquished.

Notes
Turn   | Place    | Note
-------+----------+-------------------------------------------
     0 | D        | rocky1 the Demonspawn Shapeshifter began the quest for the
                  | Orb.
     0 | D        | Reached XP level 1. HP: 15/15 MP: 1/1
    19 | D        | Reached skill level 3 in Unarmed Combat
    64 | D        | Found a bloodstained altar of Trog.
    64 | D        | Found a shimmering blue altar of Sif Muna.
    64 | D        | Found a viscous altar of Jiyva.
    64 | D        | Found a hazy altar of Hepliaklqana.
    64 | D        | Found an opulent altar of Gozag.
    65 | D        | Found a basalt altar of Yredelemnul.
    65 | D        | Found a shimmering altar of Xom.
    65 | D        | Found an ornate altar of the Wu Jian Council.
    65 | D        | Found a sacrificial altar of Ru.
    65 | D        | Found a stormy altar of Qazlal.
    65 | D        | Found an iron altar of Okawaru.
    65 | D        | Found a sparkling altar of Nemelex Xobeh.
    65 | D        | Found a burning altar of Makhleb.
    65 | D        | Found a blossoming altar of Fedhas.
    65 | D        | Found a shadowy altar of Dithmenos.
    65 | D        | Found a snail-covered altar of Cheibriados.
    68 | D        | Found a corrupted altar of Lugonu.
    68 | D        | Found a radiant altar of Vehumet.
    69 | D        | Found an ancient bone altar of Kikubaaqudgha.
    69 | D        | Found a hide-covered altar of Uskayaw.
    69 | D        | Found a broken altar of Ashenzari.
    72 | D        | Became a worshipper of Gozag Ym Sagoz the Greedy
    95 | D        | Gained mutation: Your touch may inflict minor irresistible
                  | damage on your foes. [demonic ancestry]
    95 | D        | Reached XP level 2. HP: 13/21 MP: 2/2
   329 | D        | Noticed a scorpion
   354 | D        | Killed a scorpion
   355 | D        | Reached skill level 5 in Unarmed Combat
   355 | D        | Gained mutation: Your touch may inflict irresistible damage
                  | on your foes. [demonic ancestry]
   355 | D        | Reached XP level 3. HP: 24/28 MP: 3/3
   355 | D        | Reached XP level 4. HP: 29/34 MP: 4/4
   538 | D        | Noticed a phantom
   539 | D        | Noticed a scorpion
   539 | D        | Noticed Grinder
   540 | D        | Noticed an ice beast
   551 | D        | Killed a phantom
   552 | D        | Reached skill level 6 in Unarmed Combat
   552 | D        | Reached skill level 5 in Shapeshifting
   552 | D        | Reached XP level 5. HP: 40/41 MP: 5/5
   559 | D        | Killed an ice beast
   560 | D        | Reached skill level 7 in Unarmed Combat
   561 | D        | Reached skill level 8 in Unarmed Combat
   566 | D        | Killed Grinder
   567 | D        | Reached skill level 5 in Fighting
   567 | D        | Reached skill level 9 in Unarmed Combat
   567 | D        | Gained mutation: You regenerate a little health from kills.
                  | [demonic ancestry]
   567 | D        | Reached XP level 6. HP: 14/51 MP: 6/6
   933 | D        | Noticed a snapping turtle
   965 | D        | Killed a snapping turtle
   966 | D        | Reached skill level 10 in Unarmed Combat
   966 | D        | Gained mutation: You regenerate health from kills. [demonic
                  | ancestry]
   966 | D        | Reached XP level 7. HP: 19/58 MP: 7/7
   975 | D        | Reached skill level 11 in Unarmed Combat
  1357 | D        | Noticed Erica
  1357 | D        | Noticed a basilisk
  1469 | D        | Killed a basilisk
  1470 | D        | Reached skill level 5 in Dodging
  1478 | D        | HP: 2/59 [Erica/+4 scimitar of flaming (4)]
  1480 | D        | Collided with a metal wall

Illustrated notes

Levels and vault maps discovered:
D:        pitsprint [storerooms_1, entrance_room_1, metal_vault_1, armoury_2,
          mini_pit_1, grid_room_1, main_hall_1, silver_pit, the_coven_3,
          the_vestibule_1, steel_vault_2, golden_pit, hallway_of_sentries,
          crystal_vault_6, iron_vault_4, final_vault]

Skill      XL: |  1  2  3  4  5  6  7 |
---------------+----------------------+-----
Unarmed Combat | 3 5 6 9 10 11 | 11.7
Shapeshifting  | 3 4 5 6 7 |  7.4
Dodging        | 2 3 4 5 |  5.0
Fighting       | 2 3 5 6 |  6.6
Stealth        | |  0.1

Action                     |  1- 3 |  4- 6 |  7- 9 || total
---------------------------+-------+-------+-------++-------
  Melee: Unarmed           |    27 |    38 |     9 ||    74
         Punch             |     1 |     1 |     2 ||     4
         Touch             |     2 |     7 |     2 ||    11
    Use: Potion            |     2 |     1 |     3 ||     6
   Stab: Sleeping          |     2 |       |       ||     2
         Distracted        |       |     1 |       ||     1
         Invisible         |       |     2 |     1 ||     3
 Armour: Animal skin       |     4 |     2 |       ||     6
  Dodge: Dodged            |    18 |    18 |     5 ||    41

Table legend: (Time is in decaauts)
 A = Elapsed time spent in this place.
 B = Non-inter-level travel time spent in this place.
 C = Inter-level travel time spent in this place.
 D = Time resting spent in this place.
 E = Time spent auto-exploring this place.
 F = Levels seen in this place.
 G = Mean time per level.
                   A        B        C        D        E       F      G
               +--------+--------+--------+--------+--------+-----+--------+
         Total |   1471 |   1451 |     20 |   1172 |      0 |   1 | 1471.0 |
       Dungeon |   1471 |   1451 |     20 |   1172 |      0 |   1 | 1471.0 |
               +--------+--------+--------+--------+--------+-----+--------+

Top non-repeatable levels by time:
       D: 1471 daAuts
